 Dungeon Crawl Stone Soup version 0.24.0-123-gd5b16e6ec5 (webtiles) character file.

Game seed: 17999932691952821844, levelgen mode: deterministic

62400 Notrik the Fighter (level 14, -16/133 HPs)
             Began as a Minotaur Berserker on Feb 3, 2020.
             Was a High Priest of Trog.
             Demolished by an ettin
             ... wielding a +0 dire flail
              (37 damage)
             ... on level 15 of the Dungeon on Feb 4, 2020.
             The game lasted 01:45:27 (26715 turns).

Notrik the Fighter (Minotaur Berserker)            Turns: 26715, Time: 01:45:27

Health: -16/133    AC: 16    Str: 22    XL:     14   Next: 64%
Magic:  5/5        EV: 15    Int:  0    God:    Trog [*****.]
Gold:   1060       SH:  5    Dex: 12    Spells: 13/13 levels left

rFire    + . .     SeeInvis +   O - +5 demon blade (antimagic)
rCold    . . .     Gourm    .   (no shield)
rNeg     . . .     Faith    .   I - +4 chain mail {rF+}
rPois    +         Spirit   .   L - -6 hat of Inevitability {MR++ Int-4} (curse)
rElec    .         Reflect  +   K - +2 cloak {+Inv}
rCorr    .         Harm     .   A - +0 pair of gloves
MR       ++++.                  (no boots)
Stlth    ..........             E - amulet of Ezoaskoh {Reflect +Inv Str-3 SH+5 SInv}
HPRegen  0.32/turn              H - ring of poison resistance
MPRegen  0.09/turn              l - ring of protection from magic

@: slowed, lost intelligence, very slow
A: retaliatory headbutt, horns 2
a: Berserk, Trog's Hand, Brothers in Arms, Renounce Religion, Evoke Invisibility


You were on level 15 of the Dungeon.
You worshipped Trog.
Trog was extremely pleased with you.
You were not hungry.

You visited 2 branches of the dungeon, and saw 21 of its levels.
You also visited: Ossuary and Gauntlet.

You collected 1893 gold pieces.
You spent 833 gold pieces at shops.

Inventory:

Hand Weapons
 i - a +5 antimagic great sword
   (Trog gifted it to you on level 13 of the Dungeon)
 F - a +3 great sword of flaming
   (Trog gifted it to you on level 6 of the Lair of Beasts)
 O - a +5 antimagic demon blade (weapon)
   (Trog gifted it to you on level 10 of the Dungeon)
 R - the +3 falchion of the Fox {slice, rF++ rC+ Str+3 Dex-2}
   (You bought it in a shop on level 11 of the Dungeon)

   It inflicts extra damage upon your enemies.
   It affects your strength (+3).
   It affects your dexterity (-2).
   It greatly protects you from fire.
   It protects you from cold.
 V - the +7 long sword of Honour {slice, Stlth+}
   (You found it on level 1 of the Lair of Beasts)

   It inflicts extra damage upon your enemies.
   It makes you more stealthy.
Missiles
 d - a throwing net (quivered) {!f}
Armour
 k - a +1 plate armour of fire resistance
   (You found it on level 5 of the Lair of Beasts)
 A - a +0 pair of gloves (worn)
   (You found it on level 5 of the Dungeon)
 I - a +4 chain mail of fire resistance (worn)
   (You found it on level 4 of the Lair of Beasts)
 K - a +2 cloak of invisibility (worn)
   (You took it off Maurice on level 10 of the Dungeon)
 L - the cursed -6 hat of Inevitability (worn) {MR++ Int-4}
   (You found it in a Gauntlet)

   It affects your intelligence (-4).
   It affects your resistance to hostile enchantments.
   It has a curse placed upon it.
Jewellery
 l - a ring of protection from magic (right hand)
   (You found it on level 6 of the Lair of Beasts)
 o - an uncursed ring of protection from cold
   (You found it on level 1 of the Lair of Beasts)
 z - an uncursed ring of see invisible
   (You found it on level 9 of the Dungeon)
 E - the amulet of Ezoaskoh (around neck) {Reflect +Inv Str-3 SH+5 SInv}
   (You found it on level 2 of the Lair of Beasts)

   [amulet of reflection]

   It shields you and reflects attacks.
   It affects your strength (-3).
   It lets you see invisible.
   It lets you turn invisible.
   It affects your SH (+5).
 H - a ring of poison resistance (left hand)
   (You found it on level 6 of the Dungeon)
 J - a +3 ring of evasion
   (You found it on level 10 of the Dungeon)
 S - an uncursed amulet of the acrobat {unknown}
   (You found it in a Gauntlet)
 Y - the ring of Kitun {*Corrode Str+4 Dex+2 Stlth-, unknown}
   (You found it in a Gauntlet)

   [ring of attention]

   It affects your strength (+4).
   It affects your dexterity (+2).
   It may corrode you when you take damage.
   It makes you less stealthy.
Wands
 c - a wand of disintegration (20)
   (You found it on level 13 of the Dungeon)
 u - a wand of paralysis (16)
   (You found it on level 6 of the Lair of Beasts)
 M - a wand of enslavement (12)
   (You took it off Maurice on level 10 of the Dungeon)
 Q - a wand of clouds (7)
   (You found it on level 12 of the Dungeon)
 W - a wand of polymorph (15)
   (You found it on level 1 of the Lair of Beasts)
Scrolls
 f - 4 scrolls of immolation {!r}
 n - 6 scrolls of teleportation {@r4}
 q - 13 scrolls of remove curse {@r2}
 r - 2 scrolls of silence
 x - 4 scrolls of magic mapping
 y - 4 scrolls of fog
 B - a scroll of blinking {unknown}
 P - 2 scrolls of acquirement {unknown}
 X - 5 scrolls of fear
 Z - 2 scrolls of enchant weapon
Potions
 a - a potion of lignification {unknown}
 b - 9 potions of curing {@q1}
 g - a potion of degeneration {unknown}
 h - 2 potions of flight {unknown}
 j - 2 potions of haste {@q3}
 m - 3 potions of ambrosia
 p - 3 potions of invisibility
 s - 3 potions of heal wounds {@q2}
 t - 2 potions of magic
 v - 2 potions of mutation {unknown}
 w - 4 potions of berserk rage {unknown}
 C - a potion of resistance {unknown}
 D - 3 potions of agility {unknown}
 G - a potion of cancellation {unknown}
 N - a potion of brilliance {unknown}
 T - 2 potions of might {unknown}
Miscellaneous
 U - a phantom mirror
Comestibles
 e - 43 rations {!d}


   Skills:
 + Level 14.9 Fighting
 + Level 14.8 Long Blades
   Level 2.0 Polearms
 + Level 14.7 Armour
 + Level 13.6 Dodging
 + Level 6.5 Evocations


You had 13 spell levels left.
You didn't know any spells.
Your spell library contained the following spells:

 Spells                   Type           Power        Failure   Level  Hunger
 Sting                    Conj/Pois      #...         98%         1    ##.....
 Poisonous Vapours        Pois/Air       #.....       99%         2    ###....
 Mephitic Cloud           Conj/Pois/Air  #.......     100%        3    ####...
 Olgreb's Toxic Radiance  Pois           #.......     100%        4    #####..
 Venom Bolt               Conj/Pois      #.........   100%        5    ######.


Dungeon Overview and Level Annotations

Branches:
Dungeon (15/15)            Temple (0/1) D:5            Lair (6/6) D:11
 Shoals (0/4) Lair:2        Snake (0/4) Lair:2        Slime (0/5) Lair:6
    Orc (0/2) D:9          Vaults (0/5) D:13         Depths (0/5) D:15
Ossuary (visited)         Gauntlet (visited)

Altars:
Ashenzari
Cheibriados
Fedhas
Makhleb
Nemelex Xobeh
Qazlal
Sif Muna
Wu Jian
Xom
Yredelemnul
Zin
The Shining One
Jiyva

Shops:
D:7 %   D:11 (

Annotations:
D:6 1 runed translucent door, Xerdoz's ghost, novice OpTm


Innate Abilities, Weirdness & Mutations

You reflexively headbutt those who attack you in melee.
You have a pair of horns on your head.


Message History

There is an escape hatch in the ceiling here.
You see here 2 arrows.
Found a leather armour.
There is a stone staircase leading down here.
There is an empty arch of ancient stone here.
You are feeling very hungry.
You see here a +0 long sword.
Done exploring.
Done exploring.
You eat one of the 44 rations {!d}.
That ration really hit the spot!
Done exploring.
Done exploring.
Done exploring.
Done exploring.
Done exploring.
There is an escape hatch in the floor here.
You see here an arbalest.
There is a stone staircase leading down here.
You climb downwards.
Found a scroll of teleportation.
There is a stone staircase leading up here.
Found a metal-bound book.
Found an escape hatch in the ceiling.
n - 6 scrolls of teleportation {@r4} (gained 1) As you open the door, it creaks loudly!
There is an open door here.
A deep elf archer comes into view.
It is wielding a +1 short sword of venom.
The deep elf archer shouts!
You hear two shouts!
The deep elf archer unwields a +1 short sword of venom.
It stops dripping with poison.
The deep elf archer wields a +0 longbow.
The deep elf archer shoots an arrow.
The arrow hits you.
A two-headed ogre comes into view.
It is wielding a -3 giant club and a +0 giant spiked club.
An ettin comes into view.
It is wielding a +0 dire flail and a +0 great mace.
You see here an arrow.
The ettin shouts in stereo!
You hear a shout! x2
The deep elf archer shoots an arrow.
The arrow misses you.
You hear a shout!
Found a staircase to the Depths.
You slash the ettin!
The deep elf archer shoots an arrow.
The arrow hits you!
The ettin hits you with a +0 dire flail!!!
The ettin hits you with a +0 great mace!!!
* * * LOW HITPOINT WARNING * * *
You hear two shouts!
You hear a shout!
You hear a howl!
You hear a shout! x2
A manticore comes into view.
The deep elf archer shoots an arrow.
The arrow hits you!
* * * LOW HITPOINT WARNING * * *
You see here 2 arrows.
The ettin hits you with a +0 dire flail!!!
You die...

#.........:...
#.................
#.................
#.................
#.<.............#
#................
#...............
#######...........#
...<....#'###...@.#
........#...#####C#
........#...#e..((#
........#...#..#.#.#
........+...#.
.O.#H. ........#..##
....#.##
###########. .#..>#
. ###.#### .# .# .


You could see an ettin and a manticore.

Vanquished Creatures
  A minotaur (Gauntlet)
  The ghost of Elebi the Grappler, a journeyman DrTm of Yredelemnul (Lair:2)
  A yaktaur captain (D:13)
  8 hydras
  3 centaur warriors
  2 two-headed ogres
  3 death yaks
  Urug (Lair:1)
  An unseen horror (D:11)
  A spectral hydra (Lair:2)
  A deep elf mage (D:14)
  A wolf spider (D:14)
  A harpy (shapeshifter) (D:13)
  2 oklob plants
  A cyclops (D:13)
  A salamander (shapeshifter) (D:14)
  A manticore (D:12)
  Maurice (D:10)
  5 elephants (Lair:6)
  A torpor snail (Lair:6)
  2 black mambas
  A gargoyle (D:12)
  A centaur skeleton (D:10)
  8 spiny frogs
  5 komodo dragons
  A rime drake (Lair:4)
  2 yaktaurs (D:13)
  A queen bee (Lair:6)
  3 meliai (Lair:6)
  A troll (D:11)
  5 slime creatures
  16 blink frogs
  8 hippogriffs
  A wraith (D:12)
  2 vampires (D:12)
  4 wyverns
  6 shadows
  55 yaks
  4 hogs (D:10)
  A human (D:10)
  A basilisk (Lair:3)
  Sigmund (D:3)
  6 small abominations (Gauntlet)
  2 hungry ghosts
  An acid dragon (Gauntlet)
  A hydra simulacrum (Lair:2)
  24 water moccasins
  2 large abominations (Gauntlet)
  7 porcupines
  3 orc warriors
  2 sky beasts
  3 ice beasts
  2 black bears (Lair:6)
  8 ogres
  2 eyes of draining
  A hornet zombie (D:8)
  3 phantoms
  18 wolves
  18 centaurs
  2 necrophages
  15 crocodiles
  9 bullfrogs
  A wyvern skeleton (D:6)
  2 troll zombies (D:9)
  7 scorpions
  A dream sheep simulacrum (Lair:2)
  30 killer bees
  17 wights
  2 howler monkeys
  4 electric eels (Lair:3)
  A torpor snail simulacrum (Lair:2)
  A centaur zombie (Ossuary)
  2 crimson imps
  A quasit (D:6)
  15 jellies
  2 human zombies (Ossuary)
  12 orc priests
  5 hounds
  11 orc wizards
  Jessica (D:3)
  Terence (D:2)
  3 iguanas
  Natasha (thrice) (D:3)
  8 worker ants
  6 ogre zombies (D:9)
  A big kobold zombie (Ossuary)
  2 hound zombies (Ossuary)
  3 mummies (Ossuary)
  A worker ant zombie (D:10)
  3 gnolls (D:4)
  22 adders
  12 oozes
  4 adder zombies
  3 adder skeletons
  5 worms
  2 dart slugs
  2 leopard geckos
  60 orcs
  5 giant cockroaches
  2 gnoll zombies (Ossuary)
  2 goblins
  10 hobgoblins
  10 jackals
  8 kobolds
  3 quokkas
  A ball python (D:3)
  4 bats
  3 frilled lizards
  2 goblin skeletons (D:9)
  5 goblin zombies
  3 hobgoblin skeletons (D:9)
  7 hobgoblin zombies
  3 jackal zombies (Ossuary)
  5 kobold zombies (Ossuary)
  2 orc skeletons (D:9)
  16 orc zombies
  A quokka skeleton (D:4)
  A quokka zombie (Ossuary)
  6 rats
  4 rat zombies (Ossuary)
  A spectral orc (D:6)
  A fungus (Lair:4)
656 creatures vanquished.

Vanquished Creatures (collateral kills)
  A hydra (Lair:6)
  A catoblepas (Lair:6)
  A deep troll shaman (Lair:6)
  3 death yaks (Lair:6)
  A cyclops (D:14)
  A blink frog (Lair:1)
  3 yaks (Lair:1)
  A basilisk (D:14)
  A water moccasin (Lair:1)
  An orc warrior (D:14)
  A centaur (D:14)
  2 bullfrogs
  3 wights (D:10)
  2 orc priests (D:14)
22 creatures vanquished.

Vanquished Creatures (others)
  23 fungi
  10 plants
  2 withered plants (D:6)
35 creatures vanquished.

Grand Total: 713 creatures vanquished

Notes
Turn   | Place    | Note
-------+----------+-------------------------------------------
     0 | D:1      | Notrik the Minotaur Berserker began the quest for the Orb.
     0 | D:1      | Reached XP level 1. HP: 19/19 MP: 0/0
   304 | D:1      | Reached XP level 2. HP: 24/27 MP: 1/1
   745 | D:2      | Found a blossoming altar of Fedhas.
   796 | D:2      | Noticed Terence
   808 | D:2      | Reached XP level 3. HP: 26/33 MP: 2/2
   810 | D:2      | Killed Terence
   810 | D:2      | Reached ** piety under Trog
   973 | D:2      | Reached XP level 4. HP: 37/40 MP: 3/3
  1140 | D:2      | Found a faded altar of an unknown god.
  1199 | D:2      | Found a glowing golden altar of the Shining One.
  1531 | D:3      | Noticed Natasha
  1536 | D:3      | Killed Natasha
  1539 | D:3      | Noticed Jessica
  1545 | D:3      | Killed Jessica
  1545 | D:3      | Reached XP level 5. HP: 42/47 MP: 4/4
  1740 | D:3      | Noticed Sigmund
  1748 | D:3      | Killed Sigmund
  1748 | D:3      | Reached skill level 5 in Fighting
  1748 | D:3      | Reached skill level 5 in Long Blades
  1748 | D:3      | Reached XP level 6. HP: 56/56 MP: 5/5
  1839 | D:3      | Noticed Natasha
  1845 | D:3      | Killed Natasha
  1901 | D:3      | Noticed Natasha
  1910 | D:3      | Killed Natasha
  1910 | D:3      | Reached *** piety under Trog
  2610 | D:4      | Reached skill level 5 in Armour
  2689 | D:4      | Reached XP level 7. HP: 56/62 MP: 6/6
  2784 | D:4      | Found Zin's Purification Station.
  2787 | D:4      | Found a glowing silver altar of Zin.
  2790 | D:4      | Bought a potion of curing for 90 gold pieces
  3532 | D:4      | Reached skill level 5 in Dodging
  3635 | D:5      | Entered Level 5 of the Dungeon
  3654 | D:5      | Reached **** piety under Trog
  3690 | D:5      | Found a stormy altar of Qazlal.
  4050 | D:5      | Found a staircase to the Ecumenical Temple.
  4054 | D:5      | Found a shimmering altar of Xom.
  4086 | D:5      | Reached XP level 8. HP: 41/71 MP: 7/7
  4458 | D:5      | Found a snail-covered altar of Cheibriados.
  4602 | D:6      | Found a sparkling altar of Nemelex Xobeh.
  5164 | D:6      | Found a runed translucent door.
  5176 | D:6      | Noticed Xerdoz's ghost (novice OpTm)
  5751 | D:6      | Reached XP level 9. HP: 73/81 MP: 8/8
  5906 | D:6      | Found a basalt altar of Yredelemnul.
  6583 | D:7      | Found a sand-covered staircase.
  6650 | Ossuary  | Entered an ossuary
  6728 | Ossuary  | Reached ***** piety under Trog
  7220 | D:7      | Found Yxtienk's Food Shop.
  7616 | D:8      | Found a shattered altar of Ashenzari.
  7625 | D:8      | Found an ornate altar of the Wu Jian Council.
  7632 | D:8      | Found a shimmering blue altar of Sif Muna.
  7754 | D:8      | Received a gift from Trog
  8123 | D:8      | Reached XP level 10. HP: 76/91 MP: 7/9
  8308 | D:9      | Noticed a two-headed ogre
  8324 | D:9      | Killed a two-headed ogre
  8350 | D:9      | Reached skill level 10 in Fighting
  8430 | D:9      | Reached skill level 10 in Long Blades
  8450 | D:9      | Found a staircase to the Orcish Mines.
  9324 | D:10     | Entered Level 10 of the Dungeon
  9387 | D:10     | Reached skill level 10 in Armour
  9931 | D:10     | Noticed a two-headed ogre
  9939 | D:10     | Killed a two-headed ogre
  9943 | D:10     | Noticed Maurice
  9971 | D:10     | Reached XP level 11. HP: 60/101 MP: 6/10
  9975 | D:10     | Killed Maurice
 10270 | D:10     | Found a burning altar of Makhleb.
 10332 | D:10     | Received a gift from Trog
 10731 | D:10     | Reached skill level 10 in Dodging
 11103 | D:11     | Found a staircase to the Lair.
 11161 | D:11     | Found Yxebesou's Weapon Boutique.
 11168 | D:11     | Noticed an unseen horror
 11181 | D:11     | Killed an unseen horror
 11186 | D:11     | Bought the +3 falchion of the Fox {slice, rF++ rC+ Str+3
                  | Dex-2} for 743 gold pieces
 11844 | D:12     | Got a twisted bardiche
 12898 | Lair:1   | Entered Level 1 of the Lair of Beasts
 12946 | Lair:1   | Got a bloodstained long sword
 13583 | Lair:1   | Reached XP level 12. HP: 105/112 MP: 3/11
 14108 | Lair:1   | Noticed Urug
 14131 | Lair:1   | Killed Urug
 14131 | Lair:1   | Reached skill level 1 in Polearms
 14565 | Lair:2   | Received a gift from Trog
 14864 | Lair:2   | Identified the +7 long sword of Honour {slice, Stlth+} (You
                  | found it on level 1 of the Lair of Beasts)
 14907 | Lair:2   | Found a staircase to the Shoals.
 14979 | Lair:2   | Found a runed translucent gate.
 14979 | Lair:2   | Found a runed translucent gate.
 14979 | Lair:2   | Found a runed translucent gate.
 15001 | Lair:2   | Found a staircase to the Snake Pit.
 15040 | Lair:2   | Reached skill level 1 in Evocations
 15470 | Lair:2   | Noticed Elebi's ghost (journeyman DrTm)
 15541 | Lair:2   | Killed Elebi's ghost
 15568 | Lair:2   | Got a slimy brass amulet
 15604 | Lair:2   | Identified the amulet of Ezoaskoh {Reflect +Inv Str-3 SH+5
                  | SInv} (You found it on level 2 of the Lair of Beasts)
 15757 | Lair:3   | Noticed a four-headed hydra
 15783 | Lair:3   | Noticed a six-headed hydra
 16956 | Lair:3   | Killed a 15-headed hydra
 16956 | Lair:3   | Reached XP level 13. HP: 70/122 MP: 4/13
 17492 | Lair:3   | Reached ****** piety under Trog
 19307 | Lair:5   | HP: 3/122 [13-headed hydra (7)]
 19898 | Lair:5   | Received a gift from Trog
 20461 | Lair:6   | Entered Level 6 of the Lair of Beasts
 21093 | Lair:6   | Reached skill level 5 in Evocations
 21532 | Lair:6   | Reached XP level 14. HP: 131/132 MP: 5/16
 21557 | Lair:6   | Received a gift from Trog
 21916 | Lair:6   | Found a runed translucent door.
 21919 | Lair:6   | Found a viscous altar of Jiyva.
 22018 | Lair:6   | Found a staircase to the Slime Pits.
 22127 | Lair:6   | Found the +7 great mace "Undeadhunter" {disrupt, rN+}
 22317 | Lair:4   | HP: 6/133 [14-headed hydra (9)]
 23923 | D:13     | Found a gate to the Vaults.
 24335 | D:13     | Received a gift from Trog
 24884 | D:14     | Found a gate leading to a gauntlet.
 24897 | Gauntlet | Entered a Gauntlet
 24897 | Gauntlet | Found a transporter.
 24897 | Gauntlet | Found a transporter.
 24897 | Gauntlet | Found a transporter.
 24910 | Gauntlet | Found a transporter.
 24913 | Gauntlet | Found a transporter.
 24921 | Gauntlet | Found a transporter.
 24924 | Gauntlet | Found a transporter.
 24932 | Gauntlet | Found a transporter.
 24953 | Gauntlet | Found a transporter.
 24959 | Gauntlet | Found a transporter.
 24961 | Gauntlet | Found a transporter.
 24971 | Gauntlet | Found a transporter.
 25210 | Gauntlet | Got a warped hat
 25541 | Gauntlet | Identified the cursed -6 hat of Inevitability {MR++ Int-4}
                  | (You found it in a Gauntlet)
 25541 | Gauntlet | Lost intelligence.
 25606 | Gauntlet | Got a wavering bronze ring
 26691 | D:15     | Entered Level 15 of the Dungeon
 26712 | D:15     | Found a staircase to the Depths.
 26715 | D:15     | Demolished by an ettin

Levels and vault maps discovered:
D:1:      eino_arrival_water_cross, layout_rooms
D:2:      layout_rooms, nicolae_tso_swordbearing_angel, fedhas_ov_isle_minmay,
          chequers_ecumenical_altar_simple, minmay_heptomino_l4, uniq_terence
D:3:      layout_loops_ring, first_ration, uniq_jessica, uniq_natasha,
          uniq_sigmund
D:4:      layout_loops_cross, zin_purify
D:5:      layout_rooms, xom_teletrap_fun, nicolae_overflow_crystal_walls,
          lemuel_crystal_altar, minmay_temple_entry_crystal_x
D:6:      layout_gridville, yredelemnul_forgotten_temple_becter,
          nemelex_xobeh_ov_fountains_minmay, gammafunk_ghost_grave,
          kennysheep_generic_room_2
D:7:      layout_gridville, serial_shops, nicolae_shop_trees,
          lightli_ossuary_entry_decrepit_ruins
D:8:      layout_basic, minmay_overflow_temple_star_quad
D:9:      layout_roguey, zombieorc2_lemuel, dk_noncrumbling_4
D:10:     layout_basic, basic_altar, grunt_livestock, hangedman_decor_lopped,
          uniq_maurice
D:11:     layout_loops_cross, lair_entry_dummy, serial_shops, nicolae_shop_trees
D:12:     layout_gridville
D:13:     layout_layer_cave, david_vaults_2
D:14:     layout_rooms, gauntlet_entry_generic, kennysheep_nub
D:15:     hangedman_depths_entry_civil_slaughter, layout_gridville, drop_trap,
          uniq_azrael
Lair:1:   layout_regular_city, grunt_megastairs_3, uniq_urug
Lair:2:   layout_chaotic_city, shoals_dummy_entry,
          minmay_snake_entry_six_corridors, gammafunk_ghost_necromancy
Lair:3:   lemuel_slime, layout_chaotic_city, infiniplex_staircase_pool,
          serial_bayou_shore_a
Lair:4:   layout_gridlike, beast_lair_carwin_6
Lair:5:   layout_cave_pods, chequers_serial_rivers_micro_e, grunt_megastairs_2
Lair:6:   grunt_lair_end_beastmaster, layout_misc_corridors, slime_altar_2,
          special_room [special_room_bee], grunt_megastairs_1

Skill      XL: |  1  2  3  4  5  6  7  8  9 10 11 12 13 14 |
---------------+-------------------------------------------+-----
Fighting       | 4 5 6 8 9 10 12 13 14 | 14.9
Long Blades    | 4 5 6 7 9 10 12 13 14 | 14.8
Armour         | 3 4 5 6 7 9 10 11 13 14 | 14.7
Dodging        | 3 4 5 6 8 9 11 12 13 | 13.6
Polearms       | 2 |  2.0
Evocations     | 2 5 6 |  6.5

Action                   |  1- 3 |  4- 6 |  7- 9 | 10-12 | 13-15 || total
-------------------------+-------+-------+-------+-------+-------++-------
Melee: Falchion          |    57 |   103 |   359 |   230 |       ||   749
       Headbutt          |    12 |    18 |   102 |   158 |   165 ||   455
       Demon blade       |       |       |       |   434 |   548 ||   982
       Great sword       |       |       |       |       |    72 ||    72
Invok: Berserk           |     1 |       |     2 |     2 |     1 ||     6
       Trog's Hand       |       |       |     1 |     2 |     1 ||     4
       Brothers in Arms  |       |       |       |     2 |     3 ||     5
Evoke: Wand              |       |       |     1 |     4 |    35 ||    40
  Use: Potion            |       |       |     1 |     5 |     7 ||    13
       Scroll            |       |       |    16 |    14 |    12 ||    42
 Stab: Invisible         |       |       |       |       |     4 ||     4
       Distracted        |       |       |       |       |     1 ||     1
  Eat: Chunk             |     1 |     6 |    13 |    24 |    14 ||    58
       Ration            |       |       |     2 |     4 |     7 ||    13
Armor: Ring mail         |    27 |     4 |       |       |       ||    31
       Animal skin       |     2 |       |       |       |       ||     2
       Chain mail        |       |    36 |   162 |   301 |   402 ||   901
Dodge: Dodged            |    44 |    48 |   168 |   438 |   561 ||  1259
Block: Other             |       |       |       |    28 |   171 ||   199
       Reflection        |       |       |       |       |    10 ||    10
       Rpst.: Falchion   |    16 |    12 |    43 |    33 |       ||   104
       Demon blade       |       |       |       |    71 |    98 ||   169
       Great sword       |       |       |       |       |    24 ||    24
